 Dungeon Crawl Stone Soup version 0.29.1-4-g47bece8355 (webtiles) character file.

Game seed: 8321512992120375974

175 fishmans the Cudgeller (level 5, -1/32 HPs)
             Began as a Gargoyle Fighter on Dec 9, 2022.
             Slain by Grinder (2 damage)
             ... on level 3 of the Dungeon.
             The game lasted 00:11:57 (2556 turns).

fishmans the Cudgeller (Gargoyle Fighter)           Turns: 2556, Time: 00:11:57

Health: -1/32      AC: 16    Str: 22    XL:     5   Next: 55%
Magic:  5/5        EV:  6    Int:  8    God:
Gold:   203        SH:  4    Dex:  9    Spells: 4/4 levels left

rFire   . . .      SeeInvis .   a - +1 flail
rCold   . . .      Faith    .   c - +0 buckler
rNeg    + . .      Spirit   .   r - +0 plate armour
rPois   ∞          Reflect  .   n - +0 helmet
rElec   +          Harm     .   (no cloak)
rCorr   .          Rampage  .   (no gloves)
Will    .....                   (no boots)
Stlth   ..........              (no amulet)
HPRegen 0.10/turn               (no ring)
MPRegen 0.09/turn               (no ring)

@: no status effects
A: sickness immunity, AC +4, negative energy resistance 1, electricity
resistance, torment resistance 1, petrification resistance
a: no special abilities


You were on level 3 of the Dungeon.
You visited 1 branch of the dungeon, and saw 3 of its levels.

You collected 203 gold pieces.

Inventory:

Hand Weapons
 a - a +1 flail (weapon)
Missiles
 p - 9 poisoned darts (quivered)
Armour
 b - a +0 scale mail
 c - a +0 buckler (worn)
 n - a +0 helmet (worn)
 r - a +0 plate armour (worn)
 s - a +0 helmet
Scrolls
 e - a scroll of enchant armour {unknown}
 f - a scroll of poison
 j - a scroll of blinking {unknown}
 k - 2 scrolls of amnesia {unknown}
 l - a scroll of magic mapping {unknown}
 m - a scroll of teleportation {unknown}
 o - 2 scrolls of butterflies {unknown}
Potions
 d - a potion of might
 g - a potion of invisibility
 h - a potion of attraction
 i - a potion of flight


   Skills:
 - Level 3.2 Fighting
 + Level 5.6 Maces & Flails
 - Level 3.2 Armour
 - Level 3.2 Shields


You had 4 spell levels left.
You didn't know any spells.
Your spell library was empty.

Dungeon Overview and Level Annotations

Branches:
Dungeon (3/15)

Altars:
Xom

Annotations:
D:3 Grinder, Natasha


Innate Abilities, Weirdness & Mutations

You are immune to sickness and miasma.
Your stone body is resilient. (AC +4)
You are immune to poison.
You resist negative energy. (rN+)
You are resistant to electric shocks. (rElec)
You are resistant to unholy torment.
You are immune to petrification.


Message History

Natasha howls an incantation.
You feel troubled.
Natasha zaps a wand.
The puff of flame hits you!
Natasha zaps a wand.
The puff of flame hits you.
The now-empty wand crumbles to dust.
Natasha barely misses you.
Natasha wildly gestures.
Natasha shimmers violently.
Natasha barely misses you. Natasha attacks as you move away!
Natasha barely misses you. Natasha casts a spell at you.
You resist with some effort.
Natasha growls.
Natasha casts a spell at you. The magic dart hits you!
You feel better. Natasha claws you but does no damage.
Natasha attacks as you move away! Natasha claws you but does no damage.
Natasha stares at you and mumbles some strange words.
The magic dart hits you but does no damage.
Natasha mumbles some strange words.
Grinder blinks!
Natasha mumbles some strange words.
The shadow imp gestures at you.
You barely resist. Grinder hits you but does no damage.
You closely miss Grinder. Grinder hits you.
You writhe in agony.
The shadow imp gestures at you. Pain shoots through your body!
* * * LOW HITPOINT WARNING * * *
Grinder blinks!
You feel yourself speed up.
Natasha mumbles some strange words.
The shadow imp attacks as you move away!
The shadow imp hits you but does no damage.
Grinder gestures at you. Pain shoots through your body!
* * * LOW HITPOINT WARNING * * *
The shadow imp attacks as you move away!
You block the shadow imp's attack. Grinder hits you.
* * * LOW HITPOINT WARNING * * *
You writhe in agony.
You die...

##.## #............. #...#
#5####.##...# #...#
#5###...#...# #...#
#.##........#
#####...#####.##....##.#....
#...........#h##.#.###.# .
..............5.........
#..........†##...##.#..#
#####...######..@......#
#...# ##...5......# #...#
##........#..# #...#
#.........#..# ## ##.##
##........[..# .# #...#
##...#..###.# .## #...#
##.##......#
..###...##########<##...#
.#)..............#........


You could see Grinder, Natasha and a shadow imp (summoned).

Vanquished Creatures
  An orc priest (D:2)
  Natasha (twice) (D:3)
  3 adders
  A worm (D:2)
  2 dart slugs (D:2)
  6 orcs
  3 ball pythons
  7 bats
  3 endoplasms
  4 goblins
  4 hobgoblins
  6 jackals
  A quokka (D:3)
  3 frilled lizards (D:3)
  5 kobolds
  5 rats (D:1)
56 creatures vanquished.

Notes
Turn   | Place    | Note
-------+----------+-------------------------------------------
     0 | D:1      | fishmans the Gargoyle Fighter began the quest for the Orb.
     0 | D:1      | Reached XP level 1. HP: 14/14 MP: 1/1
   278 | D:1      | Reached XP level 2. HP: 19/19 MP: 2/2
   344 | D:1      | Found a faded altar of an unknown god.
   359 | D:1      | Reached skill level 3 in Maces & Flails
   898 | D:2      | Reached XP level 3. HP: 23/23 MP: 3/3
  1462 | D:2      | Reached skill level 4 in Maces & Flails
  1546 | D:3      | Noticed Grinder
  1718 | D:3      | Reached XP level 4. HP: 27/28 MP: 4/4
  1856 | D:3      | Noticed Natasha
  1868 | D:3      | Killed Natasha
  1877 | D:3      | Found a shimmering altar of Xom.
  2081 | D:2      | Reached skill level 5 in Maces & Flails
  2081 | D:2      | Reached XP level 5. HP: 32/32 MP: 5/5
  2477 | D:3      | Noticed Natasha
  2489 | D:3      | Killed Natasha
  2527 | D:3      | Noticed Natasha
  2556 | D:3      | HP: 1/32 [Grinder (1)]
  2556 | D:3      | Slain by Grinder

Illustrated notes

Levels and vault maps discovered:
D:1:      ncdulo_wetmaze, layout_loops_ring, ebering_ecumenical_altar_box
D:2:      layout_rooms
D:3:      layout_loops_cross, mainiacjoe_overflow_small_starburst, uniq_grinder,
          uniq_natasha

Skill      XL: |  1  2  3  4 |
---------------+-------------+-----
Maces & Flails | 3 4 5 |  5.6
Fighting       | |  3.2
Armour         | |  3.2
Shields        | |  3.2

Action                   |  1- 3 |  4- 6 || total
-------------------------+-------+-------++-------
Melee: Flail             |   124 |    92 ||   216
  Use: Scroll            |     6 |       ||     6
       Potion            |       |     1 ||     1
Armor: Scale mail        |    79 |    18 ||    97
       Plate armour      |       |    65 ||    65
Dodge: Dodged            |    77 |    25 ||   102
Block: Buckler           |    33 |    11 ||    44
